 Dungeon Crawl Stone Soup version 0.28.0 (webtiles) character file.

Game seed: 14587936418274704132

1213 flotson the Ducker (level 8, -1/61 HPs)
             Began as a Demonspawn Gladiator on Feb 7, 2022.
             Was an Initiate of Gozag.
             Slain by an orc (7 damage)
             ... on level 6 of the Dungeon.
             The game lasted 00:08:53 (6986 turns).

flotson the Ducker (Demonspawn Gladiator)           Turns: 6986, Time: 00:08:53

Health: -1/61      AC: 13    Str: 23    XL:     8   Next: 22%
Magic:  8/8        EV: 12    Int: 15    God:    Gozag
Gold:   511        SH:  0    Dex: 14    Spells: 7/7 levels left

rFire   + . .      SeeInvis .   a - +2 trident of Jum Mol {vorpal, rElec rF+ Int+5}
rCold   . . .      Faith    .   y - orb {mayhem}
rNeg    . . .      Spirit   .   m - +0 scale mail
rPois   .          Reflect  .   c - +0 helmet
rElec   +          Harm     .   (no cloak)
rCorr   +          Rampage  .   (no gloves)
Will    .....                   t - +2 pair of boots
Stlth   ..........              (no amulet)
HPRegen 0.20/turn               r - +6 ring of strength
MPRegen 0.22/turn               w - ring of resist corrosion

@: gold aura
A: molten scales 1, magic regeneration, demonic touch 1
a: Renounce Religion, Potion Petition, Call Merchant, Bribe Branch


You were on level 6 of the Dungeon.
You worshipped Gozag.
Gozag was pleased with you.
You visited 2 branches of the dungeon, and saw 7 of its levels.

You collected 572 gold pieces.
You paid 61 gold pieces to Gozag.

Inventory:

Hand Weapons
 a - the +2 trident of Jum Mol (weapon) {vorpal, rElec rF+ Int+5}
   (You took it off an orc wizard on level 4 of the Dungeon)

   It inflicts extra damage upon your enemies.
   Int:       It affects your intelligence (+5).
   rF:        It protects you from fire.
   rElec:     It insulates you from electricity.
Missiles
 d - 3 throwing nets (quivered)
 f - 2 silver javelins
 n - 9 poisoned darts
Armour
 b - an orb of light
 c - a +0 helmet (worn)
 m - a +0 scale mail (worn)
 t - a +2 pair of boots (worn)
 y - an orb of mayhem (worn)
Jewellery
 r - a +6 ring of strength (left hand)
 w - a ring of resist corrosion (right hand)
Scrolls
 h - a scroll of enchant armour {unknown}
 k - 3 scrolls of identify {unknown}
 o - 3 scrolls of blinking {unknown}
 p - 4 scrolls of teleportation {unknown}
 q - a scroll of fog {unknown}
 s - 2 scrolls of immolation {unknown}
 v - a scroll of vulnerability {unknown}
Potions
 e - 3 potions of heal wounds {unknown}
 g - 2 potions of might {unknown}
 i - a potion of resistance {unknown}
 j - 4 potions of curing {unknown}
 l - a potion of attraction {unknown}
 u - 2 potions of mutation {unknown}
 x - a potion of invisibility {unknown}


   Skills:
 + Level 4.7 Fighting
 + Level 4.8 Axes
 + Level 4.3 Throwing
 + Level 3.7 Armour
 + Level 4.8 Dodging


You had 7 spell levels left.
You didn't know any spells.
Your spell library contained the following spells:

 Spells                   Type           Power      Damage    Failure   Level
 Magic Dart               Conj           0%         1d3       54%         1
 Searing Ray              Conj           0%         2d4       69%         2
 Sublimation of Blood     Necr           0%         N/A       69%         2
 Wereblood                Tmut           0%         N/A       69%         2
 Ignite Poison            Fire/Tmut/Pois 0%         N/A       89%         3
 Mephitic Cloud           Conj/Pois/Air  0%         N/A       89%         3
 Ozocubu's Armour         Ice            0%         N/A       89%         3
 Fulminant Prism          Conj/Hex       0%         3d6       100%        4
 Summon Lightning Spire   Summ/Air       0%         N/A       100%        4
 Freezing Cloud           Conj/Ice/Air   0%         6-21      100%        5
 Metabolic Englaciation   Hex/Ice        0%         N/A       100%        5
 Simulacrum               Ice/Necr       0%         N/A       100%        6
 Storm Form               Tmut/Air       0%         N/A       100%        7
 Summon Hydra             Summ           0%         N/A       100%        7
 Maxwell's Capacitive Co  Air            0%         ∞         100%        8


Dungeon Overview and Level Annotations

Branches:
Dungeon (6/15)             Temple (1/1) D:5

Altars:
Ashenzari
Cheibriados
Elyvilon
Gozag
Hepliaklqana
Kikubaaqudgha
Makhleb
Nemelex Xobeh
Okawaru
Qazlal
Ru
Sif Muna
Zin
The Shining One

Shops:
D:6 [


Innate Abilities, Weirdness & Mutations

You are partially covered in molten scales. (AC +2)
You regenerate magic rapidly.
Your touch may inflict minor irresistible damage on your foes.


Message History

The orc priest is almost dead.
The orc closely misses you.
The orc priest miscasts a cantrip. x2
You hit the orc priest but do no damage.
The orc priest is almost dead.
The orc hits you but does no damage.
The orc priest hits you but does no damage.
The orc priest misses you. The orc barely misses you.
You closely miss the orc priest.
The orc priest is almost dead.
The orc priest closely misses you. The orc priest barely misses you.
The orc hits you with a +0 hand axe.
* * * LOW HITPOINT WARNING * * *
You barely miss the orc priest.
The orc priest is almost dead.
The orc priest hits you but does no damage. x2
The orc hits you but does no damage.
The orc priest looks braver for a moment.
The orc priest begins to cast a cantrip, but forgets the words!
Reach: a) +2 trident of Jum Mol {vorpal, rElec rF+ Int+5}
Press: ? - help, Dir - move target, f - orc priest
Aim: an orc priest, wielding a +0 hand axe and wearing a +0 leather armour (almost dead, about 37% to evade the +2 trident of Jum Mol)
You reach to attack!
You puncture the orc priest!
You kill the orc priest!
The orc flies into a frenzy!
You hit the orc priest but do no damage.
The orc hits the orc priest but does no damage.
The orc priest hits you with a +0 club.
* * * LOW HITPOINT WARNING * * *
The orc misses the orc priest.
The orc priest closely misses you.
You hit the orc priest.
The orc priest is heavily wounded.
The orc hits the orc priest with a +0 hand axe.
The orc hits the orc priest but does no damage.
The orc priest hits the orc with a +0 club.
You hit the orc priest.
You kill the orc priest!
The orc hits you with a +0 hand axe!
You die...
Your body crumbles into a pile of gold.

.# .# .# . .# ########
##..
.########......#####.....
...............#.......#
#########.####...$..# .#
#.# #.#o#### .########.#
#.#@# ..........# #...#
.########## #..## .# #..#
####### #..#
......########..####
.####.(............. .#
########....#### ## ####
#.##.#


You could see a neutral orc (fast, strong, insane).

Vanquished Creatures
  A steam dragon (D:5)
  An orc warrior (D:5)
  4 ogres
  A wyvern zombie (D:6)
  A scorpion (D:6)
  A bullfrog zombie (D:6)
  A centaur zombie (D:6)
  2 hounds
  4 orc priests
  A gnoll shaman (D:4)
  2 iguanas
  A scorpion zombie (D:5)
  3 orc wizards
  2 adders
  4 gnolls (D:4)
  2 worms (D:2)
  3 orcs
  5 bats
  6 endoplasms
  4 giant cockroaches
  8 hobgoblins
  4 jackals
  7 kobolds
  5 quokkas
  3 ball pythons
  14 frilled lizards
  8 goblins
  7 rats
105 creatures vanquished.

Vanquished Creatures (others)
  A plant (D:1)
1 creature vanquished.

Grand Total: 106 creatures vanquished

Notes
Turn   | Place    | Note
-------+----------+-------------------------------------------
     0 | D:1      | flotson the Demonspawn Gladiator began the quest for the
                  | Orb.
     0 | D:1      | Reached XP level 1. HP: 16/16 MP: 1/1
   225 | D:1      | Gained mutation: You regenerate magic rapidly. [demonic
                  | ancestry]
   225 | D:1      | Reached XP level 2. HP: 13/22 MP: 2/2
   581 | D:1      | Found a faded altar of an unknown god.
   962 | D:2      | Gained mutation: You are partially covered in molten
                  | scales. (AC +2) [demonic ancestry]
   962 | D:2      | Reached XP level 3. HP: 27/28 MP: 3/3
  1012 | D:2      | Reached skill level 1 in Armour
  2033 | D:3      | Reached XP level 4. HP: 32/34 MP: 4/4
  2111 | D:3      | Found a sacrificial altar of Ru.
  2382 | D:3      | Found a shimmering blue altar of Sif Muna.
  2498 | D:3      | You fall into a shaft and drop 2 floors!
  2498 | D:5      | Entered Level 5 of the Dungeon
  2606 | D:5      | Noticed an orc warrior
  2636 | D:5      | Killed an orc warrior
  2637 | D:5      | Reached XP level 5. HP: 23/41 MP: 5/5
  3055 | D:5      | Found a snail-covered altar of Cheibriados.
  3311 | D:5      | Found a staircase to the Ecumenical Temple.
  3354 | Temple   | Entered the Ecumenical Temple
  3404 | Temple   | Became a worshipper of Gozag Ym Sagoz the Greedy
  3478 | D:5      | Reached XP level 6. HP: 47/47 MP: 6/6
  3615 | D:5      | Noticed a steam dragon
  4458 | D:4      | HP: 2/47 [ogre (22)]
  4857 | D:3      | Found a shimmering blue altar of Sif Muna.
  4866 | D:3      | Reached XP level 7. HP: 49/53 MP: 7/7
  4903 | D:3      | Found a sacrificial altar of Ru.
  5414 | D:4      | Identified the +2 trident of Jum Mol {vorpal, rElec rF+
                  | Int+5}
  6075 | D:4      | Found a hazy altar of Hepliaklqana.
  6076 | D:4      | Found a broken altar of Ashenzari.
  6168 | D:5      | Killed a steam dragon
  6573 | D:6      | Gained mutation: Your touch may inflict minor irresistible
                  | damage on your foes. [demonic ancestry]
  6573 | D:6      | Reached XP level 8. HP: 61/61 MP: 8/8
  6908 | D:6      | Found Woestann's Antique Armour Shoppe.
  6986 | D:6      | Slain by an orc

Illustrated notes

Levels and vault maps discovered:
D:1:      minmay_arrival_split_and_join, layout_rooms,
          shapermc_ecumenical_altar_acropolis, minmay_lizard_king
D:2:      layout_loops_cross
D:3:      layout_rooms, lemuel_tele_altar, nicolae_ru_awakened_eye,
          minivault_14, amcnicky_mini_corridor_feature, minivault_11,
          hex_intersection
D:4:      layout_rooms, gammafunk_temple_overflow_pools, wad_floor_pattern_2
D:5:      layout_loops_ring, mainiacjoe_overflow_six_doors_small,
          minmay_temple_entry_poolview, eino_tiny_chamber
D:6:      minmay_razor_zed, layout_loops_ring, nicolae_vehumet_radiance,
          serial_shops, nicolae_take_the_stairs
Temple:   kb_temple_of_zot

Skill      XL: |  1  2  3  4  5  6  7 |
---------------+----------------------+-----
Throwing       | 2 3 4 |  4.3
Axes           | 3 4 |  4.8
Armour         | 1 2 3 |  3.7
Dodging        | 3 4 |  4.8
Fighting       | 3 4 |  4.7

Action                   |  1- 3 |  4- 6 |  7- 9 || total
-------------------------+-------+-------+-------++-------
Melee: War axe           |    25 |       |       ||    25
       Dagger            |   133 |   121 |    36 ||   290
       Punch             |     1 |     1 |       ||     2
       Trident           |       |       |    83 ||    83
Throw: Throwing net      |       |     1 |       ||     1
 Stab: Sleeping          |     1 |       |       ||     1
       Distracted        |       |       |     1 ||     1
Armor: Leather armour    |    42 |       |       ||    42
       Scale mail        |     8 |    38 |    53 ||    99
Dodge: Dodged            |   104 |    64 |    69 ||   237
